 Dungeon Crawl Stone Soup version 0.17.1-1-g73c8601 (webtiles) character file.

332 Joehai the Ogre Mage (level 6, -1/61 HPs)
             Began as an Ogre Venom Mage on Feb 21, 2016.
             Slain by a raiju (4 damage)
             ... on level 2 of the Abyss.
             The game lasted 00:11:00 (3584 turns).

Joehai the Ogre Mage (Ogre Venom Mage)              Turns: 3584, Time: 00:11:00

Health: -1/61      AC:  6    Str: 14    XL:     6   Next: 52%
Magic:  11/13      EV: 10    Int: 18    God:
Gold:   134        SH:  0    Dex: 10    Spells: 2 memorised, 10 levels left

rFire  . . .     SeeInvis .     x - +0 giant club
rCold  . . .     Rnd*Rage +     a - +0 robe
rNeg   . . .     SustAt   .     (shield currently unavailable)
rPois  +         Gourm    .     (helmet restricted)
rElec  .         Spirit   .     j - +2 cloak {rPois}
rCorr  .         Warding  .     (gloves unavailable)
rMut   .         Stasis   .     (boots unavailable)
MR     .....                    (no amulet)
Stlth  +.........               (no ring)
                                s - +2 ring of intelligence

@: not resistant to hostile enchantments, very unstealthy
A: unfitting armour, berserk 1, tough skin 1
a: no special abilities


You were on level 2 of the Abyss.
You were not hungry.

You visited 1 branch of the dungeon, and saw 4 of its levels.
You visited the Abyss 1 time.

You collected 134 gold pieces.

Inventory:

Hand Weapons
 m - a +2 whip of distortion
 x - a +0 giant club (weapon)
Missiles
 t - 2 curare-tipped needles
Armour
 a - a +0 robe (worn)
 j - a +2 cloak of poison resistance (worn)
Jewellery
 s - a +2 ring of intelligence (left hand)
Wands
 y - a wand of slowing (26)
Scrolls
 d - 2 scrolls of identify {unknown}
 h - a scroll of random uselessness {unknown}
 l - a scroll of recharging {unknown}
 n - a scroll of noise {unknown}
 o - 3 scrolls of enchant armour {unknown}
 p - 3 scrolls of remove curse {unknown}
Potions
 e - a potion of invisibility {unknown}
 g - 2 potions of degeneration {unknown}
 i - 3 potions of curing {unknown}
 k - 2 potions of ambrosia {unknown}
 q - a potion of lignification {unknown}
 r - a potion of haste {unknown}
 u - a potion of poison {unknown}
 w - a potion of resistance {unknown}
Books
 b - a Young Poisoner's Handbook

   Spells                             Type                      Level
   a - Sting                          Conjuration/Poison           1
   b - Cure Poison                    Poison                       2
   c - Mephitic Cloud                 Conjuration/Poison/Air       3
   d - Olgreb's Toxic Radiance        Poison                       4
   e - Venom Bolt                     Conjuration/Poison           5
Comestibles
 c - 2 bread rations
 f - 2 meat rations
 v - 3 chunks of flesh


   Skills:
 * Level 3.3 Fighting
 + Level 1.3 Maces & Flails
 - Level 1.7 Dodging
 - Level 1.5 Stealth
 + Level 4.8 Spellcasting
 + Level 4.3 Poison Magic


You had 10 spell levels left.
You knew the following spells:

 Your Spells              Type           Power        Failure   Level  Hunger
a - Sting                 Conj/Pois      ##..         8%          1    None
b - Mephitic Cloud        Conj/Pois/Air  #.......     24%         3    ###....


Dungeon Overview and Level Annotations

Branches:
Dungeon (4/15)
 Temple: D:4-7

Altars:
Gozag
Makhleb
Nemelex Xobeh

Annotations:
D:3 Sigmund


Innate Abilities, Weirdness & Mutations

You are too large for most types of armour.
You have tough skin (AC +1).
You tend to lose your temper in combat.


Message History

The neqoxec shouts!
The neqoxec gestures at you.
Strange energies course through your body.
You feel a little pissed off.
A vampire mage comes into view.
Found a hand crossbow and a smoky emerald potion.
The neqoxec gestures.
A large abomination comes into view.
The large abomination hits you!!
* * * LOW HITPOINT WARNING * * *
The raiju barks!
The large abomination barely misses you.
The raiju bursts into living lightning!
The living lightning hits you!
* * * LOW HITPOINT WARNING * * *
The raiju blinks!
Unknown command.
The raiju barely misses you. The raiju bites you.
You die...

###..... .......##
###.......
........#
#......##
#.......#
#.....h.#
#....@..#
#######X######
#............# .
#.#§.........# #
#..#§.....#..# #V.
#.§.#....#V..# ...
.....#..#3...#....
#.....#.5....V..#
.......#.#.#.#....


You could see a large abomination and a raiju.

Vanquished Creatures
  An ogre (D:4)
  2 orc wizards (D:4)
  Jessica (D:3)
  Natasha (D:3)
  3 gnolls (D:3)
  2 adders
  2 oozes
  4 giant geckos
  13 orcs
  5 bats
  4 giant cockroaches
  3 goblins
  4 hobgoblins
  2 quokkas
  8 giant newts
  7 kobolds
  A quokka skeleton (D:4)
  6 rats
69 creatures vanquished.

Vanquished Creatures (others)
  An orc wizard (D:3)
  An orc (D:3)
  A hobgoblin (D:3)
3 creatures vanquished.

Grand Total: 72 creatures vanquished

Notes
Turn   | Place    | Note
--------------------------------------------------------------
     0 | D:1      | Joehai the Ogre Venom Mage began the quest for the Orb.
     0 | D:1      | Reached XP level 1. HP: 16/16 MP: 3/3
    43 | D:1      | Reached skill level 3 in Poison Magic
   343 | D:1      | Reached XP level 2. HP: 17/26 MP: 0/5
   984 | D:1      | Reached skill level 1 in Fighting
   984 | D:1      | Reached XP level 3. HP: 8/33 MP: 0/6
  1544 | D:2      | Found an opulent altar of Gozag.
  1606 | D:2      | Found a sparkling altar of Nemelex Xobeh.
  1778 | D:2      | Found a burning altar of Makhleb.
  1873 | D:2      | Reached XP level 4. HP: 42/42 MP: 2/8
  1930 | D:3      | Noticed Jessica
  1937 | D:3      | Killed Jessica
  2046 | D:3      | Noticed Natasha
  2083 | D:3      | Killed Natasha
  2242 | D:3      | Reached skill level 4 in Poison Magic
  2242 | D:3      | Reached XP level 5. HP: 49/49 MP: 1/10
  2249 | D:3      | Learned a level 3 spell: Mephitic Cloud
  3052 | D:3      | Noticed Sigmund
  3365 | D:4      | Reached skill level 1 in Maces & Flails
  3365 | D:4      | Reached XP level 6. HP: 47/59 MP: 0/12
  3520 | D:4      | Noticed an ogre
  3527 | D:4      | Killed an ogre
  3533 | D:4      | Cast into the Abyss (a distortion unwield)
  3533 | Abyss:1  | Found a corrupted altar of Lugonu.
  3563 | Abyss:2  | Noticed a large abomination
  3564 | Abyss:2  | Noticed a neqoxec
  3567 | Abyss:2  | Gained mutation: You tend to lose your temper in combat. [a neqoxec]
  3573 | Abyss:2  | Noticed a vampire mage
  3578 | Abyss:2  | Noticed a large abomination
  3580 | Abyss:2  | Noticed a raiju
  3582 | Abyss:2  | HP: 2/61 [raiju/living lightning (9)]
  3584 | Abyss:2  | Slain by a raiju

Action                   |  1- 3 |  4- 6 || total
-------------------------+-------+-------++-------
Melee: Club              |    41 |       ||    41
       Whip              |     1 |    71 ||    72
 Cast: Sting             |    65 |    59 ||   124
       Mephitic Cloud    |       |     1 ||     1
 Stab: Sleeping          |       |     1 ||     1
  Eat: Chunk             |     3 |     6 ||     9
